 Dungeon Sprint DCSS version 0.31-a0-455-g1a7b003ef0 (webtiles) character file.

Game seed: 1793378926633812710

1174 zazu2006 the Thaumaturge (level 8, -16/67 HPs)
             Began as a Gnoll Wanderer on Aug 3, 2023.
             Was a Priest of Vehumet.
             Killed from afar by Uges the pandemonium lord (58 damage)
             ... with a bolt of acid
             ... in the Dungeon (Sprint V: "Ziggurat Sprint").
             The game lasted 00:06:47 (347 turns).

zazu2006 the Thaumaturge (Gnoll Wanderer)            Turns: 347, Time: 00:06:48

Health: -16/67     AC:  5    Str: 14      XL:     8   Next: 41%
Magic:  21/21      EV: 15    Int: 12      God:    Vehumet [***...]
Gold:   0          SH:  0    Dex: 17 (19) Spells: 22/26 levels left

rFire   . . .        q - +5 quick blade
rCold   + . .        (no shield)
rNeg    . . .        d - +0 leather armour
rPois   +            b - +0 helmet
rElec   .            (no cloak)
rCorr   .            (no gloves)
SInv    .            (no boots)
Will    .....        (no amulet)
Stlth   ++++         E - +6 ring of dexterity
HPRegen 0.31/turn    N - ring "Zuamesk" {rPois rC+ Str+2 Slay+3}
MPRegen 0.17/turn

%: no teleportation
@: mighty, on berserk cooldown, slowed, very slow
A: fangs 1, strong nose, distributed training
a: Renounce Religion


You were in the Dungeon.
You worshipped Vehumet.
Vehumet was most pleased with you.
You visited 1 branch

Inventory:

Hand Weapons
 a - a +5 double sword
 q - a +5 quick blade (weapon)
 J - the +8 lance "Wyrmbane" {slay drac, rPois rF+ rC+ AC+3}
   (You found it in the Dungeon)

   AC:        It affects your AC (+3).
   rF:        It protects you from fire.
   rC:        It protects you from cold.
   rPois:     It protects you from poison.
 K - the +27 heavy crossbow "Sniper" {heavy, Acc+∞ SInv}
   (You found it in the Dungeon)

   Acc+∞: It never misses its target.
   SInv:      It lets you see invisible.
Armour
 b - a +0 helmet (worn)
 d - a +0 leather armour (worn)
 k - a +5 crystal plate armour
 l - +5 gold dragon scales
 m - +5 shadow dragon scales
 n - a +3 buckler
 o - an orb of mayhem
 p - a +3 tower shield
 L - the +15 Maxwell's patent armour {-Cast -Tele rElec Will+ rCorr}
   (You found it in the Dungeon)

   rElec:     It insulates you from electricity.
   -Cast:     It prevents spellcasting.
   -Tele:     It prevents most forms of teleportation.
   rCorr:     It protects you from acid and corrosion.
   Will:      It increases your willpower.
 M - the +18 shield of the Gong {Loud rN+ Will+ rCorr EV-5}
   (You found it in the Dungeon)

   Loud:      It is deafeningly noisy when blocking attacks.
   EV:        It affects your evasion (-5).
   rN:        It protects you from negative energy.
   rCorr:     It protects you from acid and corrosion.
   Will:      It increases your willpower.
Jewellery
 C - a ring of flight
 D - a +6 ring of dexterity
 E - a +6 ring of dexterity (left hand)
 F - a +6 ring of intelligence
 G - a +6 ring of intelligence
 H - a +6 ring of strength
 I - a +6 ring of strength
 N - the ring "Zuamesk" (right hand) {rPois rC+ Str+2 Slay+3}
   (You found it in the Dungeon)

   [ring of protection from cold]

   Str:       It affects your strength (+2).
   Slay:      It affects your accuracy & damage with ranged weapons and melee
   (+3).
   rC:        It protects you from cold.
   rPois:     It protects you from poison.
Wands
 y - a wand of mindburst (16)
 A - a wand of iceblast (7)
 B - a wand of light (3)
Scrolls
 c - 8 scrolls of fog
 j - 4 scrolls of blinking
 r - 4 scrolls of amnesia
 s - 5 scrolls of identify
 t - 2 scrolls of fear
Potions
 e - 9 potions of curing
 f - 6 potions of heal wounds
 g - 6 potions of haste
 h - 7 potions of magic
 i - a potion of berserk rage
 u - 2 potions of brilliance
 v - 2 potions of invisibility
 w - 4 potions of resistance
 x - a potion of experience
 z - 4 potions of might


   Skills:
 + Level 7.1 Fighting
 + Level 7.1 Short Blades
 + Level 6.6 Long Blades
 + Level 6.6 Axes
 + Level 6.6 Maces & Flails
 + Level 6.6 Polearms
 + Level 6.6 Staves
 + Level 6.6 Ranged Weapons
 + Level 6.6 Throwing
 + Level 7.1 Armour
 + Level 6.6 Dodging
 + Level 7.9 Stealth
 + Level 6.6 Shields
 + Level 6.6 Unarmed Combat
 + Level 9.8 Spellcasting
 + Level 5.4 Conjurations
 + Level 5.4 Hexes
 + Level 5.4 Summonings
 + Level 5.4 Necromancy
 + Level 5.4 Translocations
 + Level 5.4 Transmutations
 + Level 5.4 Fire Magic
 + Level 5.4 Ice Magic
 + Level 5.4 Air Magic
 + Level 5.4 Earth Magic
 + Level 5.4 Poison Magic
 + Level 7.2 Invocations
 + Level 7.1 Evocations
 + Level 5.4 Shapeshifting


You had 22 spell levels left.
You knew the following spells:

 Your Spells              Type           Power      Damage    Failure   Level
a - Shock                 Conj/Air       76%        1d7       1%          1
b - Mephitic Cloud        Conj/Pois/Air  19%        N/A       1%          3

Your spell library contained the following spells:

 Spells                   Type           Power      Damage    Failure   Level
 Momentum Strike          Conj/Tloc      38%        3d9       1%          2
 Hailstorm                Conj/Ice       19%        3d6       1%          3
 Swiftness                Air            19%        N/A       4%          3


Dungeon Overview and Level Annotations

Branches:
Dungeon (1/1)

Altars:
Ashenzari
Cheibriados
Dithmenos
Elyvilon
Fedhas
Gozag
Hepliaklqana
Kikubaaqudgha
Makhleb
Nemelex Xobeh
Okawaru
Qazlal
Ru
Sif Muna
Trog
Uskayaw
Vehumet
Wu Jian
Xom
Yredelemnul
Zin
The Shining One
Jiyva
Lugonu

Annotations:
D 1 transporter


Innate Abilities, Weirdness & Mutations

You have very sharp teeth.
Your uncanny sense of smell can sniff out nearby items.
Your experience applies equally to all skills.


Message History

You catch the helpless Uges completely off-guard!
You impale Uges!!
You catch the helpless Uges completely off-guard!
You puncture Uges!
Uges is heavily wounded.
You hit Uges but do no damage. You hit Uges.
Uges is heavily wounded.
Uges is no longer blind.
Uges hits you but does no damage. Uges hits you!!
* * * LOW HITPOINT WARNING * * *
Unknown command.
You feel much better.
Uges blinks!
You feel much better.
Uges gestures.
You are confused.
You are too confused!
You feel better. Uges hits you!!
Uges blinks!
Aiming: Bolt of Light
Press: ? - help, Shift-Dir - straight line, f/p - Uges
Aim: Uges (heavily wounded, 91% to hit)
The bolt of light hits Uges!!
Uges is heavily wounded.
Uges is blinded.
Uges blinks!
Unknown command.
Aiming: Bolt of Light
Press: ? - help, Shift-Dir - straight line, f/p - Uges
Aim: Uges (heavily wounded, blind, 91% to hit)
The bolt of light hits Uges but does no damage.
Uges is heavily wounded.
Unknown command.
Uges is no longer blind.
Uges hits you!
Aiming: Bolt of Light
Press: ? - help, Shift-Dir - straight line, f/p - Uges
Aim: Uges (heavily wounded, 91% to hit)
The bolt of light hits Uges but does no damage.
Uges is heavily wounded.
Uges is blinded.
Uges gestures at you. The bolt of acid hits you!!!
Ouch! That really hurt!
You die...

∆∆
▓..)..▓.....▓.[...▓
▓..)..▓.†...▓..†..▓
▓.....▓.....▓.....▓
▓...).▓.....▓..©..▓
▓..©..▓..©..▓▓▓▓▓▓▓
▓▓▓▓▓▓▓▓▓▓▓▓▓▓
▓..8©8...▓
▓..[)&...▓ ∆∆∆
▓...|@...▓ ∆ ∆
▓........▓
▓........▓ ∆∆∆∆
▓.▓....▓.▓ ∆∆∆∆
▓...©....▓
▓▓▓▓▓▓▓▓▓▓ ∆∆∆∆ ∆∆∆


You could see Uges (blind).

Vanquished Creatures
  4 merfolk (D)
  2 hell hounds (D)
  2 quasits (D)
  2 iron imps (D)
  An ufetubus (D)
  A bat zombie (D)
12 creatures vanquished.

Notes
Turn   | Place    | Note
-------+----------+-------------------------------------------
     0 | D        | zazu2006 the Gnoll Wanderer began the quest for the Orb.
     0 | D        | zazu2006 set off with the following items: a +0 short
                  | sword, a +0 helmet, a scroll of fog, a +0 leather armour, a
                  | potion of curing, a potion of heal wounds, a potion of
                  | haste, 2 potions of magic, a potion of berserk rage, a
                  | scroll of blinking; and the following spell memorised:
                  | Shock; and the following spells available to memorise:
                  | Hailstorm, Mephitic Cloud, Swiftness.
     0 | D        | Reached XP level 1. HP: 17/17 MP: 8/8
     3 | D        | Found a blossoming altar of Fedhas.
     3 | D        | Found the +6 Majin-Bo {spellvamp, MP+6 Int+6}
     3 | D        | Found the +27 heavy crossbow "Sniper" {heavy, Acc+∞ SInv}
     3 | D        | Found the +10 dark maul {heavy}
     3 | D        | Found the +15 Maxwell's patent armour {-Cast -Tele rElec
                  | Will+ rCorr}
     3 | D        | Found the +18 shield of the Gong {Loud rN+ Will+ rCorr
                  | EV-5}
     3 | D        | Found the +16 obsidian axe {drain, demonic, Mesm Drain Fly
                  | SInv}
     3 | D        | Found the +7 great mace "Firestarter" {flame, immolate,
                  | rFlCloud rF++}
     3 | D        | Found the +6 shillelagh "Devastator" {shatter}
     3 | D        | Found the +11 plutonium sword {Contam Stlth-}
     3 | D        | Found the +8 lance "Wyrmbane" {slay drac, rPois rF+ rC+
                  | AC+3}
     3 | D        | Found the +9 sword of Zonguldrok {reap}
     3 | D        | Found the +13 scythe of Curses {drain, curses, Drain}
     3 | D        | Found the +9 sword of Power {lifebolt}
     3 | D        | Found the +7 mace of Variability {chaos, chaos arc}
     3 | D        | Found the +11 Singing Sword {sonic wave}
     3 | D        | Found the +8 storm bow {elec, penet}
     5 | D        | Found a viscous altar of Jiyva.
     5 | D        | Found a hazy altar of Hepliaklqana.
     5 | D        | Found a transporter.
     5 | D        | Found an opulent altar of Gozag.
     5 | D        | Found an ancient bone altar of Kikubaaqudgha.
     5 | D        | Found a corrupted altar of Lugonu.
    15 | D        | Found a burning altar of Makhleb.
    16 | D        | Found a sacrificial altar of Ru.
    16 | D        | Found a shimmering blue altar of Sif Muna.
    16 | D        | Found a stormy altar of Qazlal.
    16 | D        | Found a bloodstained altar of Trog.
    16 | D        | Found an iron altar of Okawaru.
    16 | D        | Found a sparkling altar of Nemelex Xobeh.
    65 | D        | Became a worshipper of Vehumet
    84 | D        | Entered arena 2.
    84 | D        | Noticed a hell hound
    84 | D        | Found a transporter.
    87 | D        | Killed a hell hound
    88 | D        | Reached skill level 5 in Stealth
    88 | D        | Reached XP level 2. HP: 25/25 MP: 8/10
    88 | D        | Reached XP level 3. HP: 30/30 MP: 9/12
    88 | D        | Reached XP level 4. HP: 37/37 MP: 9/13
    91 | D        | Got the ring "Zuamesk" {rPois rC+ Str+2 Slay+3}
   140 | D        | Entered arena 3.
   140 | D        | Noticed a hell hound
   140 | D        | Found a transporter.
   146 | D        | Killed a hell hound
   146 | D        | Reached * piety under Vehumet
   146 | D        | Offered knowledge of Magic Dart by Vehumet.
   147 | D        | Reached skill level 8 in Spellcasting
   147 | D        | Reached XP level 5. HP: 20/43 MP: 13/15
   150 | D        | Reached skill level 5 in Fighting
   150 | D        | Reached skill level 5 in Short Blades
   150 | D        | Reached skill level 5 in Armour
   150 | D        | Reached skill level 5 in Evocations
   150 | D        | Reached XP level 6. HP: 21/51 MP: 14/17
   168 | D        | Learned a level 3 spell: Mephitic Cloud
   253 | D        | Entered arena 4.
   253 | D        | Noticed a merfolk
   253 | D        | Noticed a merfolk
   253 | D        | Noticed a merfolk
   253 | D        | Noticed a merfolk
   253 | D        | Found a transporter.
   261 | D        | Killed a merfolk
   261 | D        | Reached ** piety under Vehumet
   262 | D        | Reached skill level 5 in Long Blades
   262 | D        | Reached skill level 5 in Axes
   262 | D        | Reached skill level 5 in Maces & Flails
   262 | D        | Reached skill level 5 in Polearms
   262 | D        | Reached skill level 5 in Staves
   262 | D        | Reached skill level 5 in Ranged Weapons
   262 | D        | Reached skill level 5 in Throwing
   262 | D        | Reached skill level 5 in Dodging
   262 | D        | Reached skill level 5 in Shields
   262 | D        | Reached skill level 5 in Unarmed Combat
   262 | D        | Reached skill level 9 in Spellcasting
   262 | D        | Reached skill level 5 in Invocations
   262 | D        | Reached XP level 7. HP: 57/57 MP: 14/19
   266 | D        | Killed a merfolk
   269 | D        | Killed a merfolk
   270 | D        | Reached skill level 5 in Conjurations
   270 | D        | Reached skill level 5 in Hexes
   270 | D        | Reached skill level 5 in Summonings
   270 | D        | Reached skill level 5 in Necromancy
   270 | D        | Reached skill level 5 in Translocations
   270 | D        | Reached skill level 5 in Transmutations
   270 | D        | Reached skill level 5 in Fire Magic
   270 | D        | Reached skill level 5 in Ice Magic
   270 | D        | Reached skill level 5 in Air Magic
   270 | D        | Reached skill level 5 in Earth Magic
   270 | D        | Reached skill level 5 in Poison Magic
   270 | D        | Reached skill level 5 in Shapeshifting
   270 | D        | Reached XP level 8. HP: 50/65 MP: 12/21
   272 | D        | Killed a merfolk
   272 | D        | Reached *** piety under Vehumet
   321 | D        | Entered arena 5.
   321 | D        | Noticed Uges the pandemonium lord
   321 | D        | Found a transporter.
   328 | D        | Offered knowledge of Momentum Strike by Vehumet.
   347 | D        | Killed from afar by Uges the pandemonium lord

Illustrated notes

Levels and vault maps discovered:
D:        sprint_v [room_start, room_1, room_2, room_3, room_4, room_5, room_6,
          room_7, room_8, room_9, room_10, room_11, room_12, room_13, room_14,
          room_15, room_16, room_17, room_18, room_19, room_20, room_21,
          room_22, room_23, room_24, room_25, room_26, room_27]

Skill      XL: |  1  2  3  4  5  6  7  8 |
---------------+-------------------------+-----
Fighting       | 4 5 6 7 |  7.1
Short Blades   | 4 5 6 7 |  7.1
Long Blades    | 3 4 5 6 |  6.6
Axes           | 3 4 5 6 |  6.6
Maces & Flails | 3 4 5 6 |  6.6
Polearms       | 3 4 5 6 |  6.6
Staves         | 3 4 5 6 |  6.6
Ranged Weapons | 3 4 5 6 |  6.6
Throwing       | 3 4 5 6 |  6.6
Armour         | 4 5 6 7 |  7.1
Dodging        | 3 4 5 6 |  6.6
Stealth        | 5 6 7 |  7.9
Shields        | 3 4 5 6 |  6.6
Unarmed Combat | 3 4 5 6 |  6.6
Conjurations   | 2 3 4 5 |  5.4
Hexes          | 2 3 4 5 |  5.4
Summonings     | 2 3 4 5 |  5.4
Necromancy     | 2 3 4 5 |  5.4
Translocations | 2 3 4 5 |  5.4
Transmutations | 2 3 4 5 |  5.4
Fire Magic     | 2 3 4 5 |  5.4
Ice Magic      | 2 3 4 5 |  5.4
Air Magic      | 2 3 4 5 |  5.4
Earth Magic    | 2 3 4 5 |  5.4
Poison Magic   | 2 3 4 5 |  5.4
Invocations    | 3 4 5 6 7 |  7.2
Evocations     | 4 5 6 7 |  7.1
Shapeshifting  | 2 3 4 5 |  5.4
Spellcasting   | 8 9 |  9.8

Action                     |  1- 3 |  4- 6 |  7- 9 || total
---------------------------+-------+-------+-------++-------
  Melee: Quick blade       |     2 |    35 |    28 ||    65
         Bite              |     1 |     7 |     2 ||    10
         Punch             |       |     2 |       ||     2
   Cast: Mephitic Cloud    |       |     3 |     1 ||     4
  Evoke: Wand              |       |       |     4 ||     4
    Use: Potion            |     1 |     1 |     6 ||     8
   Stab: Confused          |       |     1 |     5 ||     6
         Invisible         |       |       |     2 ||     2
 Armour: Leather armour    |     6 |     2 |     4 ||    12
  Dodge: Dodged            |       |    10 |    19 ||    29

Table legend: (Time is in decaauts)
 A = Elapsed time spent in this place.
 B = Non-inter-level travel time spent in this place.
 C = Inter-level travel time spent in this place.
 D = Time resting spent in this place.
 E = Time spent auto-exploring this place.
 F = Levels seen in this place.
 G = Mean time per level.
                   A        B        C        D        E       F      G
               +--------+--------+--------+--------+--------+-----+--------+
         Total |    354 |    354 |      0 |    176 |      0 |   1 |  354.0 |
       Dungeon |    354 |    354 |      0 |    176 |      0 |   1 |  354.0 |
               +--------+--------+--------+--------+--------+-----+--------+

Top non-repeatable levels by time:
       D: 354 daAuts
